 Dungeon Crawl Stone Soup version 0.25-a0-517-gf8b3a32422 (webtiles) character file.

Game seed: 4063631348072497335, levelgen mode: deterministic

26194 Esekla the Eclecticist (level 12, -1/59 HPs)
             Began as a Deep Elf Wizard on Feb 17, 2020.
             Was an Initiate of Gozag.
             Slain by an entropy weaver
             ... wielding a +4 spear
              (16 damage)
             ... on level 4 of the Lair of Beasts on Feb 18, 2020.
             The game lasted 04:00:18 (18333 turns).

Esekla the Eclecticist (Deep Elf Wizard)           Turns: 18333, Time: 04:00:32

Health: -1/59      AC: 11    Str:  6    XL:     12   Next: 96%
Magic:  32/43      EV: 18    Int: 25    God:    Gozag
Gold:   597        SH:  0    Dex: 15    Spells: 5/43 levels left

rFire    . . .     SeeInvis +   l - +3 scimitar (venom)
rCold    . . .     Gourm    .   (no shield)
rNeg     + . .     Faith    .   P - +0 steam dragon scales
rPois    .         Spirit   .   w - +0 helmet
rElec    .         Reflect  .   g - +0 cloak "Karph" {+Inv rN+}
rCorr    .         Harm     .   b - +0 pair of gloves of Wu Jian's Envy {MR+ Regen+ Stlth+}
MR       ++...     Rnd*Rage +   y - +2 pair of boots
Stlth    +++++.....             X - amulet of magic regeneration
HPRegen  0.59/turn              H - ring of magical power
MPRegen  0.53/turn              S - ring of see invisible

@: lethally poisoned (-1 -> -2), gold aura
A: fangs 1, berserk 1, wild magic 1
a: Potion Petition, Call Merchant, Bribe Branch, Renounce Religion, Evoke
Invisibility


You were on level 4 of the Lair of Beasts.
You worshipped Gozag.
Gozag was pleased with you.
You were hungry.

You visited 3 branches of the dungeon, and saw 14 of its levels.
You also visited: Ossuary.

You collected 3443 gold pieces.
You spent 2654 gold pieces at shops.
You paid 192 gold pieces to Gozag.

Inventory:

Hand Weapons
 l - a +3 scimitar of venom (weapon)
 s - a +2 spear of flaming
 v - a +2 dagger of venom
 F - a +3 trident
Missiles
 c - 6 boomerangs
 A - 3 javelins
 T - 8 poisoned darts (quivered)
Armour
 b - the +0 pair of gloves of Wu Jian's Envy (worn) {MR+ Regen+ Stlth+}
   (You bought it in a shop on level 4 of the Dungeon)

   It affects your resistance to hostile enchantments.
   It increases your rate of regeneration.
   It makes you more stealthy.
   If you remove this armour, your AC will decrease by 1 (11 -> 10).
 g - the +0 cloak "Karph" (worn) {+Inv rN+}
   (You acquired it on level 1 of the Lair of Beasts)

   It protects you from negative energy.
   It lets you turn invisible.
   If you remove this armour, your AC will decrease by 1 (11 -> 10).
 w - a +0 helmet (worn)
 y - a +2 pair of boots (worn)
 J - a +1 ring mail of fire resistance
 P - +0 steam dragon scales (worn)
Magical Staves
 G - an uncursed staff of power
 Y - an uncursed staff of fire
Jewellery
 h - an uncursed amulet of guardian spirit
 H - a ring of magical power (left hand)
 K - an uncursed ring of positive energy
 S - a ring of see invisible (right hand)
 X - an amulet of magic regeneration (around neck)
Wands
 a - a wand of iceblast (6)
 t - a wand of polymorph (27)
 u - a wand of flame (21)
 z - a wand of scattershot (6)
 I - a wand of digging (4)
 U - a wand of acid (4)
Scrolls
 f - 4 scrolls of fear
 i - a scroll of magic mapping
 j - 2 scrolls of blinking
 k - 9 scrolls of remove curse
 m - 2 scrolls of immolation
 o - a scroll of fog
 D - a scroll of identify
 N - 5 scrolls of teleportation
 O - a scroll of holy word
 R - 5 scrolls of enchant weapon
Potions
 e - 2 potions of might
 n - 3 potions of curing
 p - 4 potions of magic
 q - 4 potions of brilliance
 r - 2 potions of resistance
 x - 4 potions of flight
 B - 2 potions of heal wounds
 C - 2 potions of haste
 E - 4 potions of agility
 L - 2 potions of invisibility
 Q - a potion of ambrosia
Comestibles
 d - 18 rations


   Skills:
 + Level 3.9(4.3) Short Blades
 + Level 2.2(3.2) Long Blades
 + Level 0.7 Throwing
 * Level 9.5 Dodging
 + Level 8.0 Stealth
 * Level 16.0 Spellcasting
 + Level 8.2 Conjurations
 * Level 5.0 Hexes
 * Level 2.4 Charms
 * Level 5.4 Summonings
 * Level 4.3 Necromancy
 + Level 4.8 Translocations
 * Level 1.9 Transmutations
 * Level 4.7 Fire Magic
 + Level 4.4 Air Magic
 + Level 4.8 Poison Magic
 * Level 3.4 Evocations


You had 5 spell levels left.
You knew the following spells:

 Your Spells              Type           Power        Failure   Level  Hunger
a - Apportation           Tloc           ######       1%          1    None
b - Blink                 Tloc           N/A          1%          2    None
c - Mephitic Cloud        Conj/Pois/Air  ######..     1%          3    None
d - Magic Dart            Conj           ####         1%          1    None
f - Conjure Flame         Conj/Fire      ######..     1%          3    None
i - Corona                Hex            ######.      1%          1    None
l - Summon Lightning Spi  Summ/Air       ######..     6%          4    None
m - Deflect Missiles      Chrm/Air       #####.....   77%         6    ####...
r - Fireball              Conj/Fire      ######....   8%          5    None
u - Yara's Violent Unrav  Hex/Tmut       #####.....   24%         5    None
v - Vampiric Draining     Necr           ######....   2%          3    None
y - Sticky Flame          Conj/Fire      ######..     3%          4    None

Your spell library contained the following spells:

 Spells                   Type           Power        Failure   Level  Hunger
 Animate Skeleton         Necr           N/A          1%          1    None
 Foxfire                  Conj/Fire      ####         1%          1    None
 Pain                     Necr           ####         1%          1    None
 Summon Small Mammal      Summ           ####         1%          1    None
 Call Imp                 Summ           ######..     1%          2    None
 Slow                     Hex            ######..     1%          2    None
 Call Canine Familiar     Summ           ######..     1%          3    None
 Summon Guardian Golem    Hex/Summ       ######..     1%          3    None
 Inner Flame              Hex/Fire       ######..     2%          3    None
 Cause Fear               Hex            ######....   5%          4    None
 Animate Dead             Necr           N/A          7%          4    None
 Summon Ice Beast         Ice/Summ       #####...     13%         4    None
 Silence                  Hex/Air        ######....   16%         5    None
 Agony                    Necr           ######..     17%         5    None
 Discord                  Hex            ######....   100%        8    #######


Dungeon Overview and Level Annotations

Branches:
Dungeon (9/15)             Temple (1/1) D:5            Lair (4/6) D:8
 Shoals (0/4) Lair:3      Ossuary (visited)
  Snake: Lair:2-4    Spider: Lair:2-4       Orc: D:9-12

Altars:
Ashenzari
Cheibriados
Dithmenos
Elyvilon
Fedhas
Gozag
Hepliaklqana
Kikubaaqudgha
Makhleb
Nemelex Xobeh
Okawaru
Qazlal
Ru
Sif Muna
Trog
Uskayaw
Vehumet
Wu Jian
Xom
Yredelemnul
Zin
The Shining One
Jiyva

Shops:
D:4 :*=[}

Annotations:
D:8 3 runed translucent doors, kae's ghost, novice KoEn
D:9 exclusion: orange crystal statue


Innate Abilities, Weirdness & Mutations

You have very sharp teeth.
You tend to lose your temper in combat.
Your spells are a little harder to cast, but a little more powerful.


Message History

Press: ? - help, Shift-Dir - straight line, f/p - entropy weaver
Aim: an entropy weaver, wielding a +4 spear (noxious fumes, severely wounded, very poisoned, confused)
The magic dart hits the entropy weaver.
The entropy weaver is severely wounded.
You feel sick.
The entropy weaver is engulfed in noxious fumes.
A yak comes into view.
You catch the helpless entropy weaver completely off-guard!
You slash the entropy weaver!
The entropy weaver looks as sick as possible!
You bite the entropy weaver, but do no damage.
The entropy weaver is almost dead.
The entropy weaver hits you with a +4 spear!
The entropy weaver hits you with a +4 spear. x2
The entropy weaver hits you with a +4 spear!
* * * LOW HITPOINT WARNING * * *
A yak comes into view.
The entropy weaver hits you with a +4 spear!
You die...
Your body crumbles into a pile of gold.

.. .. P+# .. ## #####
.. #.##P#.# .####
###.....## ....###
#........# #
......###..#.....#.#
......#.........@8#
......P..#......Pa.#
........####.....#☼○Y..
.......## #....###a#..Y
.......# #..+## .(...
P.#.#..# ##.#.# ##..
...##.####.....# #
..#####...P....#
.##.###P....# #


You could see an entropy weaver (confused), 2 yaks, a worker ant and a friendly
lightning spire.

Vanquished Creatures
  Gastronok (Lair:1)
  A hydra (Lair:3)
  3 death yaks
  Nergalle (Lair:2)
  A black mamba (Lair:2)
  7 spiny frogs
  Maggie (D:7)
  A rime drake (Lair:4)
  8 komodo dragons
  A troll (D:9)
  3 blink frogs (Lair:2)
  8 hippogriffs
  7 dream sheep (Lair:4)
  A snapping turtle (Lair:3)
  A wyvern (Lair:3)
  27 yaks
  4 basilisks
  10 soldier ants (Lair:4)
  10 porcupines
  4 water moccasins
  An ice beast (D:6)
  3 orc warriors
  A black bear (Lair:3)
  11 ogres
  3 phantoms
  13 wolves
  2 centaurs
  3 crocodiles (Lair:1)
  A big kobold (D:7)
  11 bullfrogs
  3 scorpions
  A water moccasin skeleton (D:7)
  3 electric eels
  6 wights
  4 crimson imps
  A bullfrog zombie (D:5)
  A centaur zombie (D:7)
  A jelly (D:8)
  2 orc priests (D:6)
  Crazy Yiuf (D:2)
  3 hounds
  A gnoll shaman (D:6)
  2 iguanas
  Natasha (thrice) (D:2 D:1)
  9 orc wizards
  12 worker ants
  A big kobold zombie (Ossuary)
  A hound skeleton (D:9)
  8 mummies (Ossuary)
  8 adders
  7 gnolls
  2 shadow imps (D:5)
  2 oozes
  An adder zombie (D:8)
  An adder skeleton (D:6)
  4 worms
  A dart slug (D:1)
  5 leopard geckos
  24 orcs
  14 giant cockroaches
  7 goblins
  10 hobgoblins
  10 jackals
  8 kobolds
  4 quokkas
  2 ball pythons
  8 bats
  5 frilled lizards
  3 gnoll zombies (Ossuary)
  A hobgoblin zombie (Ossuary)
  A jackal skeleton (D:3)
  2 kobold zombies (Ossuary)
  An orc zombie (Ossuary)
  A quokka skeleton (D:6)
  A quokka zombie (D:5)
  7 rats
  A rat zombie (D:5)
  A fungus (Lair:1)
  A plant (Lair:2)
355 creatures vanquished.

Vanquished Creatures (collateral kills)
  2 spiny frogs (Lair:2)
  A komodo dragon (Lair:4)
  2 yaks (Lair:2)
  4 soldier ants (Lair:4)
  A porcupine (Lair:4)
  A bullfrog (Lair:2)
  5 worker ants (Lair:4)
16 creatures vanquished.

Vanquished Creatures (others)
  A bush (Lair:3)
  9 fungi
  4 plants
14 creatures vanquished.

Grand Total: 385 creatures vanquished

Notes
Turn   | Place    | Note
-------+----------+-------------------------------------------
     0 | D:1      | Esekla the Deep Elf Wizard began the quest for the Orb.
     0 | D:1      | Reached XP level 1. HP: 10/10 MP: 7/7
    90 | D:1      | Reached skill level 5 in Spellcasting
    90 | D:1      | Reached XP level 2. HP: 15/15 MP: 1/10
   287 | D:1      | Learned a level 2 spell: Blink
   776 | D:2      | Noticed Natasha
   787 | D:2      | Noticed a crimson imp
   971 | D:1      | Reached XP level 3. HP: 19/19 MP: 6/12
  1594 | D:2      | Reached skill level 6 in Spellcasting
  1664 | D:2      | Learned a level 3 spell: Mephitic Cloud
  1668 | D:2      | Learned a level 3 spell: Conjure Flame
  1770 | D:2      | Found a runed translucent door.
  1771 | D:2      | Noticed Crazy Yiuf
  1889 | D:2      | Found an iron altar of Okawaru.
  1940 | D:2      | Found a stormy altar of Qazlal.
  1943 | D:2      | Found an ancient bone altar of Kikubaaqudgha.
  1945 | D:2      | Found a sacrificial altar of Ru.
  2234 | D:3      | Found a blossoming altar of Fedhas.
  2337 | D:3      | Reached XP level 4. HP: 21/24 MP: 2/14
  2601 | D:2      | Killed Natasha
  2624 | D:2      | Noticed Natasha
  2782 | D:1      | Killed Natasha
  2818 | D:1      | Noticed Natasha
  2930 | D:1      | Killed Natasha
  2930 | D:1      | Reached skill level 1 in Air Magic
  2930 | D:1      | Reached XP level 5. HP: 18/28 MP: 16/16
  3515 | D:2      | Killed Crazy Yiuf
  3727 | D:4      | Found Gilapnue's Assorted Antiques.
  4099 | D:4      | Found Numpummu's Book Emporium.
  4151 | D:5      | Entered Level 5 of the Dungeon
  4171 | D:5      | Noticed an ogre
  4178 | D:5      | Noticed a phantom
  4204 | D:5      | Noticed a centaur
  4210 | D:5      | Killed a centaur
  4210 | D:5      | Reached skill level 7 in Spellcasting
  4210 | D:5      | Reached XP level 6. HP: 22/32 MP: 8/18
  4233 | D:5      | Found a sand-covered staircase.
  4317 | Ossuary  | Entered an ossuary
  4538 | Ossuary  | Reached skill level 1 in Poison Magic
  5389 | D:5      | Reached skill level 8 in Spellcasting
  5389 | D:5      | Reached XP level 7. HP: 36/36 MP: 16/20
  5620 | D:4      | Found Wibih's Armour Boutique.
  5634 | D:4      | Found Waadghahe's Gadget Shoppe.
  5694 | D:4      | Found Yklub's Jewellery Emporium.
  6005 | D:5      | Found a staircase to the Ecumenical Temple.
  6035 | D:5      | Reached skill level 1 in Short Blades
  6035 | D:5      | Reached skill level 9 in Spellcasting
  6082 | D:5      | Reached XP level 8. HP: 36/41 MP: 23/23
  6493 | Temple   | Entered the Ecumenical Temple
  6625 | Temple   | Became a worshipper of Gozag Ym Sagoz the Greedy
  6884 | D:4      | Bought a silver ring for 125 gold pieces
  6884 | D:4      | Bought 2 metallic red potions for 45 gold pieces
  6884 | D:4      | Bought a scroll of identify for 50 gold pieces
  6884 | D:4      | Bought a scroll labeled GAULOE UGOXENA for 25 gold pieces
  6884 | D:4      | Bought a scroll labeled GAULOE UGOXENA for 25 gold pieces
  7003 | D:4      | Reached skill level 10 in Spellcasting
  7078 | D:4      | Noticed a hippogriff
  7094 | D:4      | Killed a hippogriff
  7106 | D:4      | Reached skill level 5 in Dodging
  7395 | D:4      | Bought the cursed +0 pair of gloves of Wu Jian's Envy {MR+
                  | Regen+ Stlth+} for 219 gold pieces
  7722 | D:6      | Reached XP level 9. HP: 30/45 MP: 25/25
  7997 | D:6      | Gained mutation: You are frail. (-10% HP) [potion of
                  | mutation]
  7997 | D:6      | Gained mutation: You do not regenerate when monsters are
                  | visible. [potion of mutation]
  7997 | D:6      | Gained mutation: Your system is resistant to poisons.
                  | (rPois) [potion of mutation]
  8002 | D:6      | Reached skill level 11 in Spellcasting
  8300 | D:6      | Reached skill level 5 in Stealth
  8562 | D:7      | Lost mutation: You are frail. (-10% HP) [potion of
                  | mutation]
  8562 | D:7      | Lost mutation: You do not regenerate when monsters are
                  | visible. [potion of mutation]
  8562 | D:7      | Gained mutation: Scrolls take you a little longer to read.
                  | [potion of mutation]
  8562 | D:7      | Gained mutation: Your muscles are strong. (Str +2) [potion
                  | of mutation]
  8563 | D:7      | Lost mutation: Scrolls take you a little longer to read.
                  | [potion of mutation]
  8563 | D:7      | Lost mutation: Your muscles are strong. (Str +2) [potion of
                  | mutation]
  8563 | D:7      | Lost mutation: Your system is resistant to poisons. (rPois)
                  | [potion of mutation]
  8563 | D:7      | Gained mutation: Your body sometimes deteriorates upon
                  | taking damage. [potion of mutation]
  8563 | D:7      | Gained mutation: You are agile. (Dex +2) [potion of
                  | mutation]
  8684 | D:7      | Noticed Maggie
  8710 | D:7      | Killed Maggie
  8839 | D:4      | Bought a book of Cantrips for 260 gold pieces
  8841 | D:4      | Learned a level 1 spell: Apportation
  8843 | D:4      | Learned a level 1 spell: Corona
  8861 | D:4      | Bought a small cabochon amulet for 125 gold pieces
  9049 | D:7      | Reached skill level 5 in Conjurations
  9218 | D:7      | Reached skill level 12 in Spellcasting
  9592 | D:8      | Identified a scroll of acquirement
  9598 | D:8      | Found a runed translucent gate.
  9598 | D:8      | Found a runed translucent gate.
  9598 | D:8      | Found a runed translucent gate.
  9764 | D:8      | Noticed a death yak
  9801 | D:8      | Found a shimmering blue altar of Sif Muna.
  9870 | D:8      | Reached XP level 10. HP: 50/50 MP: 28/28
 10201 | D:4      | Bought an uncursed amulet of magic regeneration for 300
                  | gold pieces
 10339 | D:7      | Killed a death yak
 10383 | D:8      | Noticed kae's ghost (novice KoEn)
 10385 | D:8      | Found a viscous altar of Jiyva.
 10471 | D:8      | Noticed a death yak
 10471 | D:8      | Noticed a death yak
 10646 | D:7      | HP: 2/50 [death yak (24)]
 10694 | D:7      | Killed a death yak
 10694 | D:7      | Reached skill level 13 in Spellcasting
 10694 | D:7      | Reached skill level 1 in Fire Magic
 10863 | D:8      | Killed a death yak
 10932 | D:8      | Lost mutation: You are agile. (Dex +2) [potion of mutation]
 10932 | D:8      | Lost mutation: Your body sometimes deteriorates upon taking
                  | damage. [potion of mutation]
 10932 | D:8      | Gained mutation: You tend to lose your temper in combat.
                  | [potion of mutation]
 10932 | D:8      | Gained mutation: Armour fits poorly on your strangely
                  | shaped body. [potion of mutation]
 10932 | D:8      | Gained mutation: You often lose your temper in combat.
                  | [potion of mutation]
 10932 | D:8      | Gained mutation: You have very sharp teeth. [potion of
                  | mutation]
 10933 | D:8      | Lost mutation: Armour fits poorly on your strangely shaped
                  | body. [potion of mutation]
 10933 | D:8      | Lost mutation: You often lose your temper in combat.
                  | [potion of mutation]
 10933 | D:8      | Lost mutation: You tend to lose your temper in combat.
                  | [potion of mutation]
 10933 | D:8      | Gained mutation: You tend to lose your temper in combat.
                  | [potion of mutation]
 10933 | D:8      | Gained mutation: Your spells are a little harder to cast,
                  | but a little more powerful. [potion of mutation]
 11244 | D:9      | Noticed an orange crystal statue
 11821 | D:8      | Found a staircase to the Lair.
 12150 | Lair:1   | Entered Level 1 of the Lair of Beasts
 12286 | Lair:1   | Reached skill level 14 in Spellcasting
 12303 | Lair:1   | Reached XP level 11. HP: 49/54 MP: 31/31
 12324 | Lair:1   | Reached skill level 1 in Hexes
 12781 | Lair:1   | Noticed Gastronok
 12837 | Lair:1   | Learned a level 4 spell: Summon Lightning Spire
 13373 | D:4      | Bought a leatherbound book for 375 gold pieces
 13696 | Lair:1   | Learned a level 3 spell: Vampiric Draining
 13760 | Lair:1   | Reached skill level 1 in Necromancy
 14486 | D:4      | Bought a book of Flames for 455 gold pieces
 14491 | D:4      | Learned a level 4 spell: Sticky Flame
 14497 | D:4      | Learned a level 5 spell: Fireball
 14659 | Lair:1   | Identified the +0 cloak "Karph" {+Inv rN+} (You acquired it
                  | on level 1 of the Lair of Beasts)
 15085 | Lair:1   | Killed Gastronok
 15085 | Lair:1   | Reached skill level 1 in Long Blades
 15085 | Lair:1   | Reached skill level 15 in Spellcasting
 15214 | Lair:2   | Reached skill level 1 in Evocations
 15333 | Lair:2   | Reached XP level 12. HP: 41/59 MP: 4/33
 15524 | Lair:2   | Noticed Nergalle
 15581 | Lair:2   | Killed Nergalle
 16479 | D:4      | Bought a book of Enchantments for 650 gold pieces
 16486 | D:4      | Learned a level 6 spell: Deflect Missiles
 16492 | D:4      | Learned a level 5 spell: Yara's Violent Unravelling
 16809 | Lair:3   | Noticed a four-headed hydra
 16831 | Lair:3   | Killed a five-headed hydra
 17154 | Lair:3   | Reached skill level 5 in Summonings
 17498 | Lair:3   | Found a staircase to the Shoals.
 17664 | Lair:4   | Reached skill level 1 in Charms
 17680 | Lair:4   | Reached skill level 5 in Hexes
 17773 | Lair:4   | Reached skill level 1 in Transmutations
 17889 | Lair:4   | Reached skill level 16 in Spellcasting
 18006 | Lair:4   | Noticed an entropy weaver
 18194 | Lair:4   | Noticed an entropy weaver
 18333 | Lair:4   | Slain by an entropy weaver

Levels and vault maps discovered:
D:1:      heliophobic_arrival_ceremonial_halls, layout_basic,
          minmay_misc_feat_plants, minmay_distorted
D:2:      minmay_roachtagon, layout_loops_cross, minitemple, first_ration,
          uniq_natasha, uniq_crazy_yiuf_cottage
D:3:      layout_rooms, lemuel_round_altar
D:4:      minmay_octagon_keep, layout_cave_pools, serial_shops, shop_fountains,
          shop, kennysheep_little_box, shop, kennysheep_mini
D:5:      layout_basic, minmay_temple_entry_statues_fountains, enter_ossuary_4,
          kennysheep_diamond
D:6:      layout_basic
D:7:      layout_loops_ring, minmay_fractal_squares_5, uniq_maggie
D:8:      layout_gridville, nicolae_overflow_crystal_walls, dpeg_lair_monsters,
          gammafunk_ghost_ooze
D:9:      minmay_statue_hallways, layout_small_grid
Temple:   regret_index_temple_sphere_string
Lair:1:   layout_regular_city, beast_lair_carwin_11, serial_bayou_shore_b,
          lemuel_fruit_fields, grunt_megastairs_4, lemuel_fruit_fields,
          serial_bayou_shore_a, uniq_gastronok
Lair:2:   layout_misc_corridors, serial_bayou_pond_b, lemuel_fruit_tree,
          grunt_megastairs_1, uniq_nergalle
Lair:3:   layout_concentric_octagons, minmay_shoals_entry_hut,
          chequers_serial_rivers_room_a, st_stairs_5
Lair:4:   layout_roguey, dummy_snake_entry, zaba_anthell, grunt_megastairs_5,
          infiniplex_staircase_pool

Skill      XL: |  1  2  3  4  5  6  7  8  9 10 11 12 |
---------------+-------------------------------------+-----
Spellcasting   | 5 6 7 8 9 10 12 14 15 16 | 16.0
Air Magic      | 1 2 3 4 |  4.4
Stealth        | 3 4 6 7 8 |  8.0
Conjurations   | 2 3 4 5 6 7 8 |  8.2
Dodging        | 3 4 5 6 7 8 9 |  9.5
Translocations | 2 3 4 |  4.8
Poison Magic   | 1 2 3 4 |  4.8
Short Blades   | 1 2 3 |  3.9
Fire Magic     | 1 3 4 |  4.7
Hexes          | 3 5 |  5.0
Summonings     | 3 5 |  5.4
Necromancy     | 2 4 |  4.3
Long Blades    | 1 2 |  2.2
Evocations     | 2 3 |  3.4
Charms         | 2 |  2.4
Transmutations | 1 |  1.9
Throwing       | |  0.7

Action                   |  1- 3 |  4- 6 |  7- 9 | 10-12 || total
-------------------------+-------+-------+-------+-------++-------
Melee: Short sword       |    15 |       |       |       ||    15
       Falchion          |     3 |    22 |     6 |       ||    31
       Dagger            |       |    39 |   203 |   193 ||   435
       Spear             |       |       |    15 |     1 ||    16
       Bite              |       |       |       |    26 ||    26
       Long sword        |       |       |       |     4 ||     4
       Scimitar          |       |       |       |   129 ||   129
       Trident           |       |       |       |     7 ||     7
Throw: Dart              |       |       |     6 |   177 ||   183
       Boomerang         |       |       |     4 |       ||     4
 Cast: Magic Dart        |    99 |   202 |   228 |   278 ||   807
       Mephitic Cloud    |       |     7 |    27 |    43 ||    77
       Blink             |       |    14 |    12 |    24 ||    50
       Conjure Flame     |       |     4 |     3 |    44 ||    51
       Apportation       |       |       |     3 |    10 ||    13
       Sticky Flame      |       |       |       |    43 ||    43
       Summon Lightning  |       |       |       |    14 ||    14
       Fireball          |       |       |       |     3 ||     3
Evoke: Wand              |       |       |       |     1 ||     1
  Use: Scroll            |       |     7 |    12 |    10 ||    29
       Potion            |       |       |     5 |     6 ||    11
 Stab: Sleeping          |     9 |     2 |    11 |    10 ||    32
       Confused          |       |     2 |    10 |    15 ||    27
       Distracted        |       |     1 |       |     1 ||     2
  Eat: Chunk             |     4 |     6 |     3 |       ||    13
       Ration            |       |     1 |     4 |     7 ||    12
Armor: Robe              |     7 |    19 |    36 |    22 ||    84
       Skin              |       |       |    29 |       ||    29
       Steam dragon scal |       |       |       |    49 ||    49
Dodge: Dodged            |    28 |    70 |   140 |   274 ||   512
       Rpst.: Falchion   |     3 |    13 |     7 |       ||    23
       Long sword        |       |       |       |     3 ||     3
       Scimitar          |       |       |       |    24 ||    24

Table legend:
 A = Non-vault XP
 B = Vault XP
 C = Vault XP percentage of total XP
 D = Non-vault monster count
 E = Vault monster count
 F = Vault count percentage of total count
                 A         B        C        D         E       F
            +---------+---------+-------+---------+---------+-------
      Total |   22518 |   14902 |  39.8 |     263 |     106 |  28.7
            +---------+---------+-------+---------+---------+-------
        D:1 |     118 |      11 |   8.5 |      24 |       2 |   7.7
        D:2 |      35 |      95 |  73.1 |      19 |      12 |  38.7
        D:3 |      56 |       0 |   0.0 |       9 |       0 |   0.0
        D:4 |     667 |     316 |  32.1 |       9 |       9 |  50.0
        D:5 |     843 |     161 |  16.0 |      25 |       4 |  13.8
        D:6 |    1120 |       0 |   0.0 |      32 |       0 |   0.0
        D:7 |    1006 |    2459 |  71.0 |      28 |       7 |  20.0
        D:8 |    1041 |    1266 |  54.9 |      20 |       3 |  13.0
        D:9 |     882 |       0 |   0.0 |      13 |       0 |   0.0
     Lair:1 |    6267 |    2134 |  25.4 |      33 |       5 |  13.2
     Lair:2 |    6391 |    3721 |  36.8 |      32 |      13 |  28.9
     Lair:3 |    2199 |     259 |  10.5 |       9 |       1 |  10.0
     Lair:4 |    1893 |    4299 |  69.4 |      10 |      34 |  77.3
    Ossuary |       0 |     181 | 100.0 |       0 |      16 | 100.0
            +---------+---------+-------+---------+---------+-------
